 Dungeon Crawl Stone Soup version 0.27.0-1-g7a089689b8 (webtiles) character file.

Game seed: 7382804004488193371

0 thirtiethelement the Skirmisher (level 1, -5/18 HPs)
             Began as a Demonspawn Abyssal Knight on Aug 9, 2021.
             Was a Follower of Lugonu.
             Slain by a small abomination (8 damage)
             ... on level 2 of the Abyss.
             The game lasted 00:01:22 (180 turns).

thirtiethelement the Skirmisher (DsAK)               Turns: 180, Time: 00:01:22

Health: -5/18      AC:  5    Str: 12      XL:     1   Next: 0%
Magic:  2/2        EV: 11    Int: 12 (13) God:    Lugonu [*.....]
Gold:   47         SH:  0    Dex: 12      Spells: 0/0 levels left

rFire    . . .     SeeInvis .   a - +1 falchion
rCold    . . .     Faith    .   (no shield)
rNeg     . . .     Spirit   .   b - +0 leather armour
rPois    .         Reflect  .   (no helmet)
rElec    .         Harm     .   (no cloak)
rCorr    .         Rampage  .   e - +1 pair of gloves
Will     .....                  (no boots)
Stlth    +.........             (no amulet)
HPRegen  0.06/turn              (no ring)
MPRegen  0.08/turn              (no ring)

@: no status effects
A: no striking features
a: Renounce Religion, Depart the Abyss


You were on level 2 of the Abyss.
You worshipped Lugonu.
Lugonu was aware of your devotion.
You visited 0 branches of the dungeon, and saw 0 of its levels.
You visited the Abyss 1 time.

You collected 47 gold pieces.

Inventory:

Hand Weapons
 a - a +1 falchion (weapon)
Armour
 b - a +0 leather armour (worn)
 e - a +1 pair of gloves (worn)
Magical Staves
 c - a staff of conjuration
Potions
 d - a potion of invisibility {unknown}


   Skills:
 + Level 3.0 Fighting
 + Level 1.7 Long Blades
 + Level 1.7 Armour
 + Level 0.8 Dodging
 + Level 2.4 Invocations


You couldn't memorise any spells.
You didn't know any spells.
Your spell library was empty.

Dungeon Overview and Level Annotations

Branches:
Dungeon (0/15)

Altars:


Message History

Found a pair of glowing gloves.
Found 23 gold pieces.
Found 10 gold pieces.
You see here a +1 pair of gloves.
e - a +1 pair of gloves You start putting on your armour.
You continue putting on your +1 pair of gloves. x4
You finish putting on your +1 pair of gloves.
You now have 31 gold pieces (gained 10).
A small abomination comes into view.
Found a hand axe.
Found 16 gold pieces.
You now have 47 gold pieces (gained 16).
Found 17 gold pieces.
A small abomination comes into view.
A tentacled starspawn comes into view.
Found a ring mail.
A tentacle flies out from the starspawn's body!
Found a hand crossbow.
A starspawn tentacle comes into view.
A starspawn tentacle comes into view.
The starspawn tentacle closely misses you.
The starspawn tentacle grabs you. The starspawn tentacle constricts you.
You escape the starspawn tentacle's grasp.
A neqoxec comes into view.
The neqoxec shouts!
The neqoxec gestures at you.
Something tries to feed on your intellect!
The small abomination barely misses you.
The small abomination barely misses you.
The small abomination hits you. The small abomination hits you!
* * * LOW HITPOINT WARNING * * *
Found a Grand Grimoire.
The neqoxec gestures at you.
You feel dopey. Something feeds on your intellect!
The small abomination hits you but does no damage.
The small abomination hits you!
You die...

. . # ## .##
..# .# ..#
#..##.##.#
#......#
..####.@.#
.......x##
..#....x#
#..#.##.##
....#.#..# .
.#####..#..#
..###..
#..#.....
....#...#3##
#....
....#......#
##..


You could see a neqoxec and 2 small abominations.

Vanquished Creatures (others)
  2 starspawn tentacles (Abyss:2)
2 creatures vanquished.

Notes
Turn   | Place    | Note
-------+----------+-------------------------------------------
     0 | Abyss:1  | thirtiethelement the Demonspawn Abyssal Knight began the
                  | quest for the Orb.
     0 | Abyss:1  | Reached XP level 1. HP: 18/18 MP: 2/2
   121 | Abyss:2  | Noticed a small abomination
   146 | Abyss:2  | Noticed a small abomination
   147 | Abyss:2  | Noticed a small abomination
   149 | Abyss:2  | Noticed a tentacled starspawn
   155 | Abyss:2  | Noticed a neqoxec
   180 | Abyss:2  | Slain by a small abomination

Illustrated notes

Levels and vault maps discovered:
Abyss:2:  base: Temple, hangedman_abyss_or_decor_lesser_grid,
          hangedman_abyss_overflow_altar

Action                   || total
-------------------------++-------
Armor: Leather armour    ||     1
Dodge: Dodged            ||     3
